[Event "Late-Titled-Tuesday-Blitz-February-27-2024"]
[Site "Chess.com"]
[Date "2024.02.27"]
[Round "4"]
[White "Bigfish1995"]
[Black "hansen"]
[Result "1-0"]
[WhiteElo "3169"]
[BlackElo "2912"]
[TimeControl "180+1"]
[EndTime "14:40:59 PST"]
[Termination "Bigfish1995 won on time"]

1. e4 e5 2. Nf3 Nc6 3. Bb5 a6 4.
Ba4 Nf6 5. O-O Be7 6. Bxc6 dxc6 7. d3 Nd7 8. b3 O-O 9. Bb2 Bd6 10. Nbd2 Re8 11.
Nc4 c5 12. a4 f6 13. Nxd6 cxd6 14. a5 Nb8 15. Nd2 Be6 16. f4 Nc6 17. Bc3 Nd4 18. Nc4 Qe7 19. Nb6 Rad8 20. b4 Qc7 21. bxc5 Qxc5 22. Bxd4 Qxd4+ 23. Kh1 d5 24. Ra4 Qc3 25.
f5 Bf7 26. exd5 Bxd5 27. Nxd5 Rxd5 28. Qh5 Red8 29. Rh4 h6 30. Rg4 Kf8 31. Rxg7 Kxg7 32. Qg6+ Kf8 33. Qxf6+ Ke8 34. Qe6+ Kf8 35. Qxh6+ Ke7 36.
f6+ Kd7 37. f7 Rxa5 38. f8=Q Rxf8 39. Qg7+ Kc6 40. Qxf8 Ra1 41. h4 Rxf1+ 42. Qxf1 a5 43. h5 a4 44. h6 a3 45. Qf6+ Kb5 46. h7 a2 47. h8=Q a1=Q+ 48. Kh2 Qc5 49. Qe8+ Kb4 50. Qee7 Qg1+ 51. Kg3 Qe1+ 52. Kg4 Qe2+ 53. Kh3 Qe3+ 54. g3 Qxe7 55. Qxe7+ Kc3 56. Qxb7 Kxc2 57. Qd5 Kc3 58. Kg4 Qd4+ 59. Qe4 Qxd3 60. Qxe5+ 1-0

[Event "Late-Titled-Tuesday-Blitz-February-27-2024"]
[Site "Chess.com"]
[Date "2024.02.27"]
[Round "4"]
[White "Sajkochess"]
[Black "ural58"]
[Result "1-0"]
[WhiteElo "2345"]
[BlackElo "2493"]
[TimeControl "180+1"]
[EndTime "14:40:59 PST"]
[Termination "Sajkochess won by resignation"]

1. e4 d5 2. exd5 Qxd5 3. Nc3 Qa5 4. d4 Nf6 5. Nf3 Nc6 6. Bb5 Ne4 7. Bxc6+ bxc6 8.
O-O Nxc3 9. bxc3 Bf5 10. Bd2 e6 11. c4 Qa4 12. Ne5 Qxc2 13. Qxc2 Bxc2 14. Nxc6 Ba4 15.
d5 Bxc6 16. dxc6 Bd6 17. Rab1 Ke7 18. Rb7 a5 19. a4 Rhc8 20. Rfb1 Ra6 21. Be3 Rxc6 22. c5 Be5 23. Ra7 Bc3 24. Rb5 e5 25. Kf1 f5 26. f3 h6 27. Ke2 Rd8 28. Rb6 Kd7 29. Rbb7 g5 30. Kd3 Bb4 31. Kc4 Rc8 32. Kd5 Bc3 33. Rb6 Rxb6 34. cxb6 Bb4 35. Kxe5 f4 36.
Bf2 Kc6 37. Rxc7+ Rxc7 38. bxc7 Kxc7 39. Kf6 Kc6 40. Kg6 Bf8 41. Be1 Kb6 42. Bc3 Ka6 43. Bd4 Kb7 44. Bg7 Be7 45. Bxh6 Kc6 46. Bxg5 Bd6 47. Kf5 Kc5 48. h4 Kb4 49. h5 Kxa4 50. h6 Bf8 51. h7 Bg7 52. Bf6 1-0

[Event "Late-Titled-Tuesday-Blitz-February-27-2024"]
[Site "Chess.com"]
[Date "2024.02.27"]
[Round "4"]
[White "Evgeny81"]
[Black "MrKGG1"]
[Result "1-0"]
[WhiteElo "2789"]
[BlackElo "2582"]
[TimeControl "180+1"]
[EndTime "14:41:00 PST"]
[Termination "Evgeny81 won by resignation"]

1. e4 e6 2. d4 d5 3. Nd2 c5 4. exd5 Qxd5 5. Ngf3 cxd4 6. Bc4 Qd7 7. O-O Nc6 8. Nb3 a6 9. Nfxd4 Nxd4 10. Qxd4 Qxd4 11. Nxd4 Bd7 12. Be2 O-O-O 13. a4 e5 14. Nb3 Nf6 15. Be3 Nd5 16. Bd2 Be6 17. Rfd1 Kb8 18.
Ba5 Rc8 19. Rac1 Nb4 20. Bxb4 Bxb4 21. Nd2 f6 22. c3 Be7 23. a5 Rc5 24. b4 Rc7 25. Nb1 Rhc8 26. b5 axb5 27. Bxb5 Rd8 28. Rxd8+ Bxd8 29. Rd1 Kc8 30. a6 b6 31. c4 Be7 32. Nd2 Kb8 33. Rb1 Ka7 34. Kf1 f5 35. Ke2 e4 36. Rb3 Bg5 37. Rg3 Bf6 38. h3 g5 39. Rb3 Be7 40. Ke1 Bc5 41. g4 Re7 42. gxf5 Bxf5 43. Nf1 Be6 44. Ne3 Rf7 45. Rb2 Bxh3 46.
Rd2 Be6 47. Rd8 Rc7 48. Re8 Bc8 49. Nd5 Bd7 50. Nxc7 Bxe8 51. Bxe8 g4 52. Bc6 e3 53. fxe3 Bxe3 54. Bb7 g3 55. Nb5+ Kb8 56. Bg2 Bf2+ 57. Ke2 1-0

[Event "Late-Titled-Tuesday-Blitz-February-27-2024"]
[Site "Chess.com"]
[Date "2024.02.27"]
[Round "4"]
[White "Unkreativ3"]
[Black "laskakid"]
[Result "1-0"]
[WhiteElo "2615"]
[BlackElo "2402"]
[TimeControl "180+1"]
[EndTime "14:41:00 PST"]
[Termination "Unkreativ3 won by checkmate"]

1. e4 e5 2. Nf3 Nf6 3. Nxe5 Nxe4 4. Qe2 Qe7 5. Qxe4 d6 6. d4 dxe5 7. Qxe5 Qxe5+ 8. dxe5 Nc6 9. f4 Bf5 10. c3 O-O-O 11.
Be3 g5 12. g3 gxf4 13. gxf4 Bh6 14. Kf2 Ne7 15. Bc4 Ng6 16. Kf3 Rhf8 17. Rf1 f6 18.
e6 Rfe8 19. Na3 Bxe6 20. Rad1 Nh4+ 21. Kf2 Bg4 22. Rxd8+ Rxd8 23. Rg1 f5 24. h3 Bh5 25. Nb5 a6 26. Nd4 Ng6 27. Nxf5 Bxf4 28. Bxf4 Nxf4 29. Rg8 Rxg8 30. Bxg8 Nxh3+ 31. Kg3 Ng1 32. Bxh7 Ne2+ 33. Kf2 Nf4 34. Ke3 Ne6 35. Ng3 Bd1 36. Bf5 Kd7 37.
Ke4 Kd6 38. Ke3 Nc5 39. Kd2 Bf3 40. Ke3 Bc6 41. b4 Nd7 42. Kd4 b6 43. c4 Ba4 44.
a3 c5+ 45. Kc3 cxb4+ 46. axb4 Bc6 47. Bg4 a5 48. Bxd7 Bxd7 49. b5 Kc5 50. Ne4# 1-0

[Event "Late-Titled-Tuesday-Blitz-February-27-2024"]
[Site "Chess.com"]
[Date "2024.02.27"]
[Round "4"]
[White "ArturoCaceres"]
[Black "C_K_G"]
[Result "1-0"]
[WhiteElo "2472"]
[BlackElo "2157"]
[TimeControl "180+1"]
[EndTime "14:41:00 PST"]
[Termination "ArturoCaceres won on time"]

1. b3 d5 2. Bb2 c5 3. Nf3 Nc6 4. e3 Bg4 5. Bb5 Qc7 6. d3 e6 7.
O-O Nf6 8. Nbd2 Bd6 9. h3 Bh5 10. Re1 e5 11. e4 d4 12. g4 Nxg4 13. hxg4 Bxg4 14. Kg2 h5 15. Rh1 Rh6 16. Qe1 Rf6 17. Nh2 Qd7 18. Bxc6 bxc6 19. Nxg4 Qxg4+ 20. Kf1 Rg6 21. Nc4 Bc7 22. Ba3 Kd7 23. Bxc5 h4 24. Qd1 Qg2+ 25. Ke2 Rg3 26. Qf1 Qf3+ 27. Ke1 Rg4 28. Rh3 Qf4 29. Bb4 Rh8 30. Bd2 Qf6 31. Ke2 Qg6 32.
Qh1 Rh5 33. Qf3 f5 34. exf5 Rxf5 35. Qh1 Rg2 36. Rf1 Qg4+ 37. Ke1 e4 38. Rxh4 Qf3 39.
Rxe4 Bg3 40. fxg3 Qxg3+ 41. Kd1 Rxf1+ 42. Qxf1 Rg1 43. Qxg1 Qxg1+ 44. Be1 Qg2 45. Re2 Qh3 46. Ne5+ Kc7 47. Nc4 Kd8 48. Ba5+ Kd7 49. Ne5+ 1-0

[Event "Late-Titled-Tuesday-Blitz-February-27-2024"]
[Site "Chess.com"]
[Date "2024.02.27"]
[Round "4"]
[White "Fh2411"]
[Black "Bkmzzzzz"]
[Result "1-0"]
[WhiteElo "2609"]
[BlackElo "2400"]
[TimeControl "180+1"]
[EndTime "14:41:01 PST"]
[Termination "Fh2411 won on time"]

1. d4 d5 2. c4 dxc4 3. Nf3 a6 4. a4 Nf6 5. e3 e6 6. Bxc4 c5 7. O-O Nc6 8. Nc3 Be7 9. Qe2 cxd4 10. exd4 O-O 11.
Rd1 Nb4 12. Ne5 b6 13. Bg5 Bb7 14. Rac1 Nfd5 15. Bxe7 Qxe7 16. Qg4 Rac8 17. Bd3 Nxc3 18. bxc3 Nxd3 19. Rxd3 f6 20. Nf3 Rc4 21. Re1 Bd5 22. Nd2 Rxa4 23. Nf1 f5 24. Qf4 Be4 25. Rh3 Rc8 26. Nd2 Bd5 27. Rg3 Ra3 28. Nb1 Rb3 29. h4 b5 30. h5 a5 31. h6 g6 32. Rge3 Qf6 33. Qg3 a4 34. Nd2 Rb2 35. Nf3 a3 36.
Ng5 a2 37. Nxe6 Bxe6 38. Rxe6 Qxe6 39. Rxe6 a1=Q+ 40. Kh2 Qa7 41. Qe5 Qf7 42. Re7 Rf8 43.
Rxf7 Rxf7 44. Qe8+ Rf8 45. Qe6+ Rf7 46. Qe8+ Rf8 47.
Qd7 Rf7 48. Qe6 Rxf2 49. d5 Rd2 50. Qe8+ Rf8 51. Qxb5 1-0

[Event "Late-Titled-Tuesday-Blitz-February-27-2024"]
[Site "Chess.com"]
[Date "2024.02.27"]
[Round "4"]
[White "ElHelvetico"]
[Black "Bryanl106"]
[Result "1/2-1/2"]
[WhiteElo "2748"]
[BlackElo "2568"]
[TimeControl "180+1"]
[EndTime "14:41:02 PST"]
[Termination "Game drawn by stalemate"]

1. c4 Nf6 2. Nc3 g6 3. g3 Bg7 4. Bg2 O-O 5. d4 d6 6. Nf3 Nc6 7. O-O Bg4 8. h3 Bxf3 9. Bxf3 Nd7 10. e3 e5 11. d5 Ne7 12. e4 Kh8 13. h4 Ng8 14. Bg2 Bh6 15. Bh3 f5 16. exf5 gxf5 17. Qh5 Bxc1 18. Raxc1 Ndf6 19. Qxf5 Nxd5 20. Qe4 Nxc3 21.
Rxc3 c6 22. Rd3 Qf6 23. Qe3 Rad8 24. Qxa7 e4 25. Rd2 Rf7 26. Qd4 Qxd4 27. Rxd4 Nf6 28. Rfd1 d5 29. cxd5 cxd5 30. Rc1 Re7 31. Rc3 Kg7 32. a4 Rd6 33. a5 Kf8 34. Kf1 Kf7 35. Ke2 Ne8 36. Rc5 Nc7 37. b4 b6 38. axb6 Rxb6 39. Ke3 Rf6 40. Bg4 Kg6 41. Ra5 Rb6 42. Be2 Ne6 43. Rdxd5 Rxb4 44. Bh5+ Kg7 45. Re5 Kf6 46.
Rf5+ Kg7 47. Rae5 Rb3+ 48. Kxe4 Nc5+ 49. Kd4 Rxe5 50. Kxe5 Rd3 51. g4 Rd7 52. Rg5+ Kh6 53. Rg8 Nd3+ 54. Kf6 Nxf2 55. Be8 Nxg4+ 56. Rxg4 Rd6+ 57.
Ke5 Rd5+ 58. Kf4 Rd4+ 59. Kg3 Rxg4+ 60. Kxg4 Kg7 61. Bb5 Kh8 62. Bd3 h6 63. Kh5 Kg7 64. Be4 Kh8 65. Kxh6 Kg8 66. h5 Kh8 67. Kg6 Kg8 68. h6 Kh8 69. h7 1/2-1/2

[Event "Late-Titled-Tuesday-Blitz-February-27-2024"]
[Site "Chess.com"]
[Date "2024.02.27"]
[Round "4"]
[White "ameetghasi100"]
[Black "xakevicius91"]
[Result "1-0"]
[WhiteElo "2754"]
[BlackElo "2557"]
[TimeControl "180+1"]
[EndTime "14:41:07 PST"]
[Termination "ameetghasi100 won on time"]

1. b3 b6 2. Bb2 Bb7 3. e3 e6 4. Nf3 Nf6 5. g3 Be7 6. Bg2 O-O 7.
O-O c5 8. Qe2 d6 9. c4 Nbd7 10.
Nc3 Qc7 11. Rfd1 a6 12. Rac1 Rac8 13. d4 Ne4 14. Nxe4 Bxe4 15. d5 exd5 16. cxd5 Qb7 17. Nh4 Bxg2 18. Nf5 Bf6 19. Kxg2 Qc7 20. Ba3 g6 21.
Nh6+ Kh8 22. Ng4 Bg7 23. Bb2 f5 24. Bxg7+ Kxg7 25. Qb2+ Nf6 26. Nxf6 Rxf6 27. b4 g5 28. a4 f4 29. exf4 gxf4 30. Re1 Kg6 31. bxc5 bxc5 32.
Rc4 f3+ 33. Kg1 Qd7 34. Rh4 Re8 35. Qc2+ Rf5 36. Rg4+ Kf6 37. Qc3+ Ree5 38. Rge4 Qe7 39. g4 Kf7 40. Rxe5 Rxe5 41. Qxf3+ Kg7 42. Qc3 Kg6 43. Rf1 Re4 44. Qd3 Kg7 45. h3 Rd4 46. Qxa6 Rxd5 47. a5 h5 48. Qc4 Rd4 49. Qc3 hxg4 50.
hxg4 Qg5 51. f3 Qf4 52. Kg2 Kg6 53. Qc2+ Kg7 54. Rf2 Kg8 55. Re2 Kg7 56. a6 c4 57.
a7 Rd3 58. Rf2 Ra3 59. Qb2+ 1-0

[Event "Late-Titled-Tuesday-Blitz-February-27-2024"]
[Site "Chess.com"]
[Date "2024.02.27"]
[Round "4"]
[White "Zhigalko_Sergei"]
[Black "Polish_fighter3000"]
[Result "0-1"]
[WhiteElo "2893"]
[BlackElo "3094"]
[TimeControl "180+1"]
[EndTime "14:41:08 PST"]
[Termination "Polish_fighter3000 won on time"]

1. e4 c5 2. c3 Nf6 3. e5 Nd5 4. Nf3 e6 5. Bc4 d6 6. d4 cxd4 7. cxd4 Nb6 8. Bd3 Bd7 9. O-O Bc6 10. Nc3 N8d7 11. Bf4 dxe5 12. Nxe5 Nxe5 13. Bxe5 Bd6 14.
Re1 O-O 15. Re3 Bxe5 16. dxe5 Qg5 17. Be4 Rfd8 18. Qe2 Bxe4 19. Rxe4 Rd2 20. Qb5 Rad8 21. Rf1 h6 22. Re3 Qe7 23. Rg3 R8d4 24. h3 Nd5 25.
Qa5 b6 26. Nxd5 Rxd5 27. Qc3 Qc5 28. Qf3 Rxe5 29. Qf4 Ree2 30. Qf6 Qf8 31. Qxh6 g6 32. Qg5 Qd8 33. Qh6 Qf6 34. Rf3 Qxb2 35. Qf4 Rd7 36.
Rc1 Kg7 37. Rc8 Re1+ 38. Kh2 Qe5 39. Rcc3 Qxf4+ 40. Rxf4 Re2 41. a3 Re5 42. h4 Ra5 43. g4 Rc5 44. Rb3 Rcd5 45. Kg2 Rd3 46. Rxd3 Rxd3 47. a4 e5 48. Rb4 Rd4 49. Rxd4 exd4 50. Kf3 f5 51. gxf5 gxf5 52. Ke2 a6 53. Kd3 b5 54. axb5 axb5 55. Kxd4 Kg6 56. Ke5 b4 0-1

[Event "Late-Titled-Tuesday-Blitz-February-27-2024"]
[Site "Chess.com"]
[Date "2024.02.27"]
[Round "4"]
[White "ImportedItalianMaple"]
[Black "GianmarcoVaR"]
[Result "0-1"]
[WhiteElo "2529"]
[BlackElo "2712"]
[TimeControl "180+1"]
[EndTime "14:41:08 PST"]
[Termination "GianmarcoVaR won by resignation"]

1. Nf3 d5 2. g3 Bg4 3. Bg2 c6 4.
O-O e6 5. c4 Bd6 6. h3 Bh5 7.
d3 Nf6 8. cxd5 exd5 9. Nc3 O-O 10. e4 dxe4 11. dxe4 Bb4 12. e5 Qxd1 13. Rxd1 Bxc3 14. bxc3 Nd5 15. Rd3 Bg6 16. Rd4 Nxc3 17. Kh2 Na6 18.
Ba3 Rfe8 19. Rd7 Nb5 20. Bb2 Nc5 21. Rdd1 Nd3 22. Rd2 Rad8 23. Rad1 Kf8 24. a4 Nxb2 25. Rxd8 Nxd1 26. Rxd1 Nc3 27. Rd7 Rb8 28. a5 Ke8 29. Rd4 h6 30. Nh4 Nb5 31. Rd2 Rd8 32. Rb2 a6 33.
Nxg6 fxg6 34. f4 Ke7 35. Be4 g5 36. Rf2 gxf4 37. gxf4 Rd4 38. Bg6 Nc3 39. f5 Nd5 40.
Rb2 Rb4 41. Rf2 Ra4 42. Rb2 Rb4 43. Rf2 Rb5 44. Bh5 Rxa5 45. Rg2 Kf8 46. Rg6 Nf4 47. Rd6 Nxh5 48. f6 gxf6 49. exf6 Re5 50. Rd7 Nxf6 51. Rxb7 a5 52. Rb6 Rc5 53. Rb8+ Kf7 54. Rb7+ Kg6 55. Ra7 Rb5 56. Kg3 Ne4+ 57. Kf4 Nd6 58.
Rd7 Rf5+ 59. Kg4 Rd5 60. Rc7 Rc5 61. Rd7 Nf7 62. Ra7 Rc4+ 63. Kf3 a4 64. Ke3 c5 65. Kd3 Ne5+ 66. Ke3 Kf5 67. Ra8 0-1

[Event "Late-Titled-Tuesday-Blitz-February-27-2024"]
[Site "Chess.com"]
[Date "2024.02.27"]
[Round "4"]
[White "IlanSchnaider"]
[Black "best926"]
[Result "1-0"]
[WhiteElo "2724"]
[BlackElo "2540"]
[TimeControl "180+1"]
[EndTime "14:41:10 PST"]
[Termination "IlanSchnaider won by resignation"]

1. e4 c5 2. Nf3 d6 3. Bb5+ Nd7 4. a4 Nf6 5. Nc3 e6 6. O-O Be7 7. a5 O-O 8. Re1 a6 9. Bf1 b5 10. axb6 Bb7 11. d4 cxd4 12. Nxd4 Qxb6 13. Nb3 Nc5 14. Be3 Qc7 15. Nxc5 dxc5 16. f3 Bd6 17. g3 Be5 18.
Qe2 Rfd8 19. Qf2 Bd4 20. Red1 e5 21. Bc4 Rab8 22. Kg2 h6 23. Qe2 Rd6 24. Bd2 Ra8 25.
Na4 Rad8 26. c3 g5 27. cxd4 cxd4 28. Rdc1 Qe7 29. Bb4 g4 30. Bxd6 Qxd6 31. Bd3 gxf3+ 32. Qxf3 Nh7 33. h4 Qe6 34. Bc4 Qe7 35. Rf1 Rf8 36.
Nb6 Kh8 37. Nd5 Qd6 38. Rac1 Bc8 39. Qh5 Rg8 40. Qf3 Bg4 41. Qf2 Qd8 42. Rce1 Qc8 43. Bd3 Bh3+ 44. Kh2 Bxf1 45. Rxf1 Qg4 46. Qf3 Qg7 47.
Rg1 f6 48. b3 Rb8 49. Bc4 Rc8 50. Qf5 Rg8 51. Nb6 Rf8 52. Nd7 Rd8 53. Nc5 a5 54. Ne6 Qf8 55. Nxf8 Rxf8 56. Rf1 1-0

[Event "Late-Titled-Tuesday-Blitz-February-27-2024"]
[Site "Chess.com"]
[Date "2024.02.27"]
[Round "4"]
[White "JulbeNn"]
[Black "MyDream003"]
[Result "0-1"]
[WhiteElo "2534"]
[BlackElo "2722"]
[TimeControl "180+1"]
[EndTime "14:41:11 PST"]
[Termination "MyDream003 won on time"]

1. e4 c6 2. Nf3 d5 3. exd5 cxd5 4. Ne5 a6 5. d4 Nf6 6. Bd3 Nc6 7. c3 g6 8. O-O Bg7 9. Nd2 Bf5 10. Bxf5 gxf5 11. Ndf3 Ne4 12. Bf4 e6 13. Re1 O-O 14. Qd3 Ne7 15.
Nd2 Ng6 16. Nxg6 hxg6 17. f3 Nd6 18. Qe3 Nc8 19. Bg5 Qb6 20. Nb3 Re8 21. Qf2 Nd6 22. Nc5 Qc6 23. Nd3 f6 24. Bf4 Nf7 25. Qg3 g5 26. Bd2 f4 27. Bxf4 gxf4 28. Nxf4 Qd6 29.
Re2 Re7 30. Rae1 Rae8 31. Ng6 Rd7 32. Nf4 Nd8 33. Qg6 Ree7 34. Nh5 Rf7 35. f4 f5 36. Re3 Kf8 37. Rg3 Rde7 38. Qh7 Ke8 39. Nxg7+ Kd7 40. Qh6 Qb6 41. b4 Qc6 42. Nh5 Qa4 43.
Rg8 Kc7 44. Qh8 Nc6 45. Ng7 Kb6 46. Nxe6 Qxa2 47. Qh6 Qd2 48. Rf1 Qe3+ 49. Kh1 Rxe6 50. Rg6 Rfe7 51. Qh5 Qf2 0-1

[Event "Late-Titled-Tuesday-Blitz-February-27-2024"]
[Site "Chess.com"]
[Date "2024.02.27"]
[Round "4"]
[White "Nemsko"]
[Black "campochess"]
[Result "1-0"]
[WhiteElo "2390"]
[BlackElo "2187"]
[TimeControl "180+1"]
[EndTime "14:41:11 PST"]
[Termination "Nemsko won by resignation"]

1. e4 c5 2. Nf3 Nc6 3. d4 cxd4 4. Nxd4 e5 5. Nb5 a6 6. Nd6+ Bxd6 7. Qxd6 Qe7 8. Qd2 Nf6 9. Nc3 d6 10. f3 Be6 11.
Qf2 Rd8 12. Be3 d5 13. Bc5 Qd7 14. exd5 Nxd5 15. O-O-O Qc8 16. Ne4 Nd4 17. Nd6+ Rxd6 18. Bxd6 f6 19. Bd3 Kf7 20. Kb1 Rd8 21. Ba3 Nf4 22.
Rc1 Nxd3 23. cxd3 Qd7 24. Rhd1 Qd5 25. b3 Kg8 26. Rc5 Qd7 27. Bb2 Nb5 28. g4 Rc8 29. Rxc8+ Qxc8 30. Qc2 Qd7 31. Qc5 Nc7 32. d4 e4 33.
fxe4 Bxg4 34. Rc1 Ne6 35. Qc8+ Nf8 36. Qxd7 Bxd7 37. d5 Kf7 38. Rc7 b5 39. Ra7 Ke8 40.
Rxa6 Ng6 41. Bd4 Nf4 42. Kc2 f5 43. Ra8+ Kf7 44. Ra7 Ke8 45. exf5 Nxd5 46. Bxg7 Bxf5+ 47. Kb2 b4 48. Bd4 h5 49. Ra5 Be4 50. Ra6 Kf7 51.
Rh6 Bf3 52. Rd6 Ke7 53. Ra6 Kf7 54. Ra7+ Ke6 55. Ra6+ Kf5 56. Bc5 Ke4 57. Ra4 Kd3 58. Bxb4 Ne3 59. Bc5 Nd1+ 60. Ka3 Nc3 61. Rd4+ Kc2 62.
Rh4 Nb1+ 63. Ka4 Nd2 64. Ka5 Ne4 65. Bb4 Kb2 66. Rf4 Ng5 67. h4 1-0

[Event "Late-Titled-Tuesday-Blitz-February-27-2024"]
[Site "Chess.com"]
[Date "2024.02.27"]
[Round "4"]
[White "alexrustemov"]
[Black "laziestwin"]
[Result "0-1"]
[WhiteElo "2792"]
[BlackElo "2606"]
[TimeControl "180+1"]
[EndTime "14:41:12 PST"]
[Termination "laziestwin won on time"]

1. d4 Nf6 2. c4 e6 3. Nf3 d5 4. Nc3 dxc4 5. Qa4+ Nbd7 6. Bf4 Be7 7. Qxc4 c5 8. e3 O-O 9. Be2 a6 10. O-O b5 11.
Qb3 Bb7 12. Rfd1 cxd4 13. Rxd4 Qb6 14. Ne5 Nc5 15. Qd1 b4 16. Nb1 Rfd8 17. Nd2 a5 18.
Ndc4 Rxd4 19. Nxb6 Rxd1+ 20. Rxd1 Rd8 21. Nec4 Ba6 22.
b3 Nd5 23. Bf3 Nxf4 24. Rxd8+ Bxd8 25. exf4 a4 26. Bd1 axb3 27. Bxb3 Bc7 28. g3 Kf8 29.
Kg2 Ke7 30. Kf3 Nd3 31. Ke3 Nc5 32. Kd4 Nb7 33. Na4 Bb5 34. Nc5 Nd6 35. Ne5 Bb6 36.
g4 f6 37. Nc4 Nxc4 38. Bxc4 Bc6 39. Bb3 Kd6 40. Kc4 Bxc5 41. Bc2 Bd5+ 42. Kb5 Bxa2 43. Bxh7 Bd5 44. Bc2 b3 45. Bb1 Bxf2 46. h4 Be3 47. h5 Bxf4 48. Kb4 Be5 49. Ka3 b2 50. Kb4 Bd4 51. Ka3 Ke5 52. Kb4 Be4 53. Kb3 Bxb1 54. Kc4 Be4 55. h6 b1=Q 56. hxg7 Qc2+ 57. Kb5 Bd3+ 58.
Ka5 Qa2+ 59. Kb4 Qb2+ 0-1

[Event "Late-Titled-Tuesday-Blitz-February-27-2024"]
[Site "Chess.com"]
[Date "2024.02.27"]
[Round "4"]
[White "Zavgorodniy_Sergiy"]
[Black "Joachim100x"]
[Result "1-0"]
[WhiteElo "2628"]
[BlackElo "2436"]
[TimeControl "180+1"]
[EndTime "14:41:15 PST"]
[Termination "Zavgorodniy_Sergiy won by checkmate"]

1. d4 d5 2. c4 e6 3. Nf3 Nf6 4. e3 c5 5. dxc5 Bxc5 6. a3 a5 7. Nc3 Nc6 8. cxd5 exd5 9. Be2 O-O 10. Nb5 Be6 11. O-O Ne4 12. b3 Qb6 13. Bb2 Rac8 14.
Rc1 Rfd8 15. Nfd4 Nxd4 16. Nxd4 Bf8 17. Rxc8 Rxc8 18. Bg4 Bxg4 19. Qxg4 Rd8 20. Rd1 Qf6 21. Qf3 Qb6 22. h3 Rc8 23. Qg4 Rd8 24. Nf5 Qg6 25. Qxg6 hxg6 26. Nd4 Rc8 27. f3 Nf6 28. Kf2 Bd6 29.
Ke2 Kf8 30. Kd3 Ke7 31. Nb5 Ke6 32. Nxd6 Kxd6 33. Bxf6 gxf6 34. h4 b5 35. Ra1 Rh8 36. g3 Rc8 37. g4 b4 38. axb4 axb4 39. Kd4 Rc3 40. Ra6+ Ke7 41. Ra7+ Kf8 42. Rd7 Rxb3 43. Rxd5 Rb1 44. Rd8+ Kg7 45. Rb8 b3 46. Ke4 b2 47.
Kf4 Kh7 48. e4 Kg7 49. Rb7 Kg8 50. h5 Kg7 51. hxg6 Kxg6 52. Rb6 Kg7 53. Rb5 Kg6 54.
Rb3 Kg7 55. Rb8 Kg6 56. Rb4 Kg7 57. Rb6 Rc1 58. Rxb2 Rc5 59. Rb6 Ra5 60. Rd6 Rc5 61. Rd5 Rc3 62. Rd4 Rc6 63. Kf5 Ra6 64. Rd5 Rb6 65. Rc5 Ra6 66. f4 Rb6 67. Ra5 Rc6 68.
Rb5 Ra6 69. Rd5 Rc6 70. g5 fxg5 71. Kxg5 Rb6 72. e5 Rc6 73. f5 f6+ 74. exf6+ Rxf6 75. Rd7+ Rf7 76. f6+ Kf8 77. Rd8# 1-0

[Event "Late-Titled-Tuesday-Blitz-February-27-2024"]
[Site "Chess.com"]
[Date "2024.02.27"]
[Round "4"]
[White "QuintilianoR"]
[Black "marcodobrikov"]
[Result "0-1"]
[WhiteElo "2745"]
[BlackElo "2590"]
[TimeControl "180+1"]
[EndTime "14:41:17 PST"]
[Termination "marcodobrikov won on time"]

1. Nf3 Nf6 2. g3 g6 3. Bg2 Bg7 4. O-O O-O 5. c4 c5 6. Nc3 Nc6 7. d4 cxd4 8. Nxd4 Nxd4 9. Qxd4 d6 10. Qd3 Bf5 11. e4 Be6 12. Bd2 Nd7 13. b3 Nc5 14. Qe2 a5 15. Rac1 Qb6 16. Nd5 Bxd5 17. exd5 Rfe8 18.
h4 Qa6 19. h5 Rab8 20. h6 Bf6 21.
f4 b5 22. f5 bxc4 23. Rxc4 g5 24. Qh5 Nd7 25. Bxg5 Be5 26. Rg4 Kf8 27. Bh4 Rb4 28. Rxb4 axb4 29. Qg4 Qa7+ 30. Kh2 Qd4 31. Be4 Bf6 32.
Kh3 Ne5 33. Bxf6 exf6 34. Qg7+ Ke7 35. Bg2 Rc8 36. Rf4 Qe3 37. Rxb4 Rc2 38. Rb7+ Nd7 39.
Qg4 Qxh6+ 40. Qh4 Qd2 41. Qe4+ Kd8 42. Ra7 Ne5 43. Ra8+ Ke7 44. Ra7+ Kf8 45. Ra4 Rb2 46. Rd4 Qh6+ 47. Qh4 Qg7 48. Rb4 Rxa2 49. Rb8+ Ke7 50. Rb7+ Kd8 51. Qb4 Qh6+ 52. Qh4 Qg5 53. Qxg5 fxg5 54.
f6 g4+ 55. Kh4 Rxg2 56. Rb8+ Kc7 57. Re8 h6 0-1

[Event "Late-Titled-Tuesday-Blitz-February-27-2024"]
[Site "Chess.com"]
[Date "2024.02.27"]
[Round "4"]
[White "Machidon"]
[Black "chessydotcom"]
[Result "1-0"]
[WhiteElo "2498"]
[BlackElo "2251"]
[TimeControl "180+1"]
[EndTime "14:41:17 PST"]
[Termination "Machidon won by resignation"]

1. d4 d5 2. c4 e6 3. Nc3 c5 4. cxd5 exd5 5. Nf3 Nc6 6. Bg5 f6 7. Be3 c4 8. g3 Be6 9. Bg2 Bb4 10. O-O Nge7 11. Bf4 O-O 12. h4 Nf5 13. Rc1 Qb6 14. e3 Rfe8 15. Nd2 Bxc3 16. bxc3 Qa5 17. Qc2 Rad8 18.
Rfe1 b5 19. e4 Nfe7 20. h5 b4 21. Nxc4 dxc4 22. d5 Bg4 23. dxc6 b3 24. axb3 Nxc6 25. h6 g6 26. bxc4 Be6 27. e5 Nxe5 28. Ra1 Qc7 29.
Reb1 Bxc4 30. Rb7 Qc5 31. Raxa7 Nf7 32. Kh2 Qh5+ 33. Kg1 g5 34. Be3 Qxh6 35. Qa4 Be6 36. Bf1 Qh5 37. Bc4 Rd1+ 38. Bf1 Red8 39. Qa6 Rxf1+ 40.
Qxf1 Bh3 41. Rxf7 Bxf1 42. Rg7+ Kh8 43. Rxh7+ Qxh7 44. Rxh7+ Kxh7 45. Kxf1 Rd3 46. Bd4 Rd1+ 47. Ke2 Rb1 48. Bxf6 Kg6 49. Bd4 Rb2+ 50. Ke3 Kf5 51. f3 Rb3 52. g4+ Ke6 53. Ke4 Rb1 54. Be3 Re1 55. c4 Kf6 56. c5 Re2 57. c6 Rc2 58. Kd5 Rc3 59. Bd4+ 1-0

[Event "Late-Titled-Tuesday-Blitz-February-27-2024"]
[Site "Chess.com"]
[Date "2024.02.27"]
[Round "4"]
[White "IngOscarArdila"]
[Black "dimoni64"]
[Result "1-0"]
[WhiteElo "2291"]
[BlackElo "1962"]
[TimeControl "180+1"]
[EndTime "14:41:17 PST"]
[Termination "IngOscarArdila won by checkmate"]

1. d4 d5 2. c4 e6 3. Nc3 Nf6 4. Bg5 Be7 5. e3 O-O 6. Nf3 h6 7. Bh4 Ne4 8. Bxe7 Qxe7 9. Nxe4 dxe4 10. Nd2 f5 11. Be2 c5 12. Nb3 cxd4 13. Qxd4 Nc6 14.
Qc3 e5 15. O-O f4 16. exf4 exf4 17. f3 e3 18. Rfd1 Qg5 19. Kh1 Rf6 20. Rd5 Qh4 21.
Rad1 Be6 22. Rd6 Rg6 23. Qe1 Qh5 24. c5 Rf8 25. Rxe6 Rxe6 26. Bc4 Rf6 27. Rd6 Kf7 28. Qe2 Ke7 29. Bxe6 Rxe6 30. Rxe6+ Kxe6 31. Qc4+ Qd5 32. Qc2 Nb4 33. Qg6+ Kd7 34. Qxg7+ Kc6 35. Qxh6+ Kb5 36. h4 e2 37. Qxf4 e1=Q+ 38. Kh2 Qee5 39. Qxe5 Qxe5+ 40. g3 Qe2+ 41. Kh3 Qxf3 42. Nd4+ Kxc5 43. Nxf3 Nxa2 44. h5 Nb4 45. h6 Nd5 46. h7 a5 47. h8=Q a4 48.
Qd4+ Kd6 49. Qxa4 b5 50. Qa3+ b4 51. Qd3 Kc5 52. Qd4+ Kc6 53. g4 b3 54. g5 Nb6 55.
g6 Nd7 56. Qxd7+ Kxd7 57. g7 Kc6 58. g8=Q Kb5 59. Qxb3+ Ka6 60. Qc3 Ka7 61. Kg4 Ka8 62.
Kf4 Ka7 63. Ke5 Ka8 64. Kd6 Ka7 65. Qb4 Ka8 66. Kc7 Ka7 67. Qb7# 1-0

[Event "Late-Titled-Tuesday-Blitz-February-27-2024"]
[Site "Chess.com"]
[Date "2024.02.27"]
[Round "4"]
[White "Brahianzevich"]
[Black "HeinichessPY"]
[Result "1-0"]
[WhiteElo "2493"]
[BlackElo "2237"]
[TimeControl "180+1"]
[EndTime "14:41:20 PST"]
[Termination "Brahianzevich won by checkmate"]

1. e4 e6 2. d4 d5 3. Nc3 dxe4 4. Nxe4 Bd7 5. Nf3 Bc6 6. Bd3 Nd7 7. Qe2 Ngf6 8. Bg5 Be7 9. Nxf6+ Bxf6 10. Bxf6 Qxf6 11.
Be4 Bxe4 12. Qxe4 c6 13. O-O-O O-O 14. h4 Rfd8 15. g4 Nb6 16. g5 Qg6 17. Qg4 h5 18. Qg3 Qf5 19. Rhe1 Nd5 20. Kb1 g6 21. Re5 Qg4 22.
Qxg4 hxg4 23. Nh2 c5 24. Nxg4 cxd4 25. Rxd4 Rac8 26. c3 Kg7 27. Re2 b5 28. Red2 Rh8 29. Ne5 Rc7 30. a4 a6 31. axb5 axb5 32. R2d3 Ra8 33.
Rf3 b4 34. c4 Nb6 35. b3 Ra3 36. Rd6 Nc8 37. Rd7 Rxd7 38. Nxd7 Nd6 39. c5 Nc4 40. Rd3 Na5 41. Kb2 Nc6 42. Nf6 Ra5 43. Ne4 Ne5 44. Rd8 Ng4 45. f3 f5 46. Nd6 Ne5 47. Rc8 Nd7 48.
Rc7 Rxc5 49. Rxd7+ Kf8 50. Nc4 Rd5 51. Rxd5 exd5 52. Ne5 Kg7 53. Kc2 Kf8 54. Kd3 Ke7 55. Kd4 Ke6 56. Nxg6 f4 57. Nxf4+ Kf5 58. Nxd5 Kg6 59. Nxb4 Kf5 60. Nd5 Ke6 61. Ke4 Kd6 62. f4 Ke6 63. f5+ Kf7 64. Ke5 Kg7 65. Ke6 Kf8 66.
Kf6 Kg8 67. Ke7 Kg7 68. f6+ Kh8 69. g6 Kg8 70. f7+ Kg7 71. f8=Q+ Kxg6 72. Qf6+ Kh5 73. Qg5# 1-0